 Dungeon Crawl Stone Soup version 0.22-a0-533-g4d20840 (webtiles) character file.

60 Darkshadow the Cudgeler (level 3, -1/49 HPs)
             Began as a Minotaur Berserker on June 22, 2018.
             Was a Believer of Trog.
             Slain by a gnoll (7 damage)
             ... on level 2 of the Dungeon.
             The game lasted 00:03:43 (1373 turns).

Darkshadow the Cudgeler (Minotaur Berserker)        Turns: 1373, Time: 00:03:44

Health: -1/49      AC:  2    Str: 26    XL:     3   Next: 82%
Magic:  2/2        EV: 12    Int:  4    God:    Trog [**....]
Gold:   97         SH:  0    Dex: 10    Spells: 2/2 levels left

rFire    . . .     SeeInvis .   a - +0 mace
rCold    . . .     Gourm    .   (no shield)
rNeg     . . .     Faith    .   b - +0 animal skin
rPois    .         Spirit   .   (helmet restricted)
rElec    .         Reflect  .   (no cloak)
rCorr    .         Harm     .   (no gloves)
MR       ++...                  (no boots)
Stlth    ..........             (no amulet)
HPRegen  1.16/turn              (no ring)
MPRegen  0.08/turn              (no ring)

@: berserking (expiring), regenerating, very quick
A: retaliatory headbutt, horns 2
a: Berserk, Trog's Hand, Renounce Religion


You were on level 2 of the Dungeon.
You worshipped Trog.
Trog was pleased with you.
You were near starving.

You visited 1 branch of the dungeon, and saw 2 of its levels.

You collected 97 gold pieces.

Inventory:

Hand Weapons
 a - a +0 mace (weapon)
 l - a +0 hunting sling
Missiles
 f - 25 stones (quivered)
Armour
 b - a +0 animal skin (worn)
Jewellery
 n - a +5 ring of strength {unknown}
Scrolls
 d - a scroll of enchant armour {unknown}
 h - a scroll of noise {unknown}
 j - a scroll of teleportation {unknown}
 p - a scroll of blinking {unknown}
Potions
 e - 2 potions of haste {unknown}
 g - a potion of berserk rage {unknown}
 i - 2 potions of curing {unknown}
 k - a potion of agility {unknown}
 m - a potion of flight {unknown}
 q - a potion of mutation {unknown}
Comestibles
 c - 5 rations
 o - a chunk of flesh


   Skills:
 + Level 4.2 Fighting
 * Level 4.7 Maces & Flails
 + Level 3.2 Armour
 - Level 2.4 Dodging


You had 2 spell levels left.
You didn't know any spells.
Your spell library was empty.

Dungeon Overview and Level Annotations

Branches:
Dungeon (2/15)

Altars:
Wu Jian


Innate Abilities, Weirdness & Mutations

You reflexively headbutt those who attack you in melee.
You have a pair of horns on your head.


Message History

The gnoll closely misses you. You furiously retaliate!
You headbutt the gnoll! You sock the gnoll!
The gnoll is almost dead.
The gnoll hits you with a spear. The gnoll hits you. The rat bites you.
The gnoll barely misses you.
You thump the gnoll!
You kill the gnoll!
Trog accepts your kill. The gnoll hits you with a flail! The gnoll hits you.
* * * LOW HITPOINT WARNING * * *
The rat closely misses you. You furiously retaliate!
You headbutt the rat!
You kill the rat!
Trog accepts your kill. The gnoll hits you with a spear!
* * * LOW HITPOINT WARNING * * *
You sock the gnoll!
You kill the gnoll!
Trog accepts your kill. The gnoll hits you!
You die...

#.. #$# #.# ##### #####
#.###...###...##
#.##........#..#
#.##.......###.#
########.##........#..#
###....g)........#.#...##
#......)@†....####.##.###
#.#.###$#g..#......#.....
... #.##.########.)....
#..## #.##.# #...### #r.
#.##.# #...### #. ..##+#
#....## . ###...##
#..#.## ## ##.....##
#..#.## ##.......##
#......


You could see 2 gnolls.

Vanquished Creatures
  2 gnolls (D:2)
  2 dart slugs (D:2)
  A leopard gecko (D:1)
  A ball python (D:1)
  2 giant cockroaches
  8 jackals (D:1)
  A quokka (D:2)
  2 bats (D:1)
  3 frilled lizards
  5 goblins
  3 kobolds (D:1)
  7 rats
37 creatures vanquished.

Notes
Turn   | Place    | Note
-------+----------+-------------------------------------------
     0 | D:1      | Darkshadow the Minotaur Berserker began the quest for the Orb.
     0 | D:1      | Reached XP level 1. HP: 19/19 MP: 0/0
   393 | D:1      | Reached XP level 2. HP: 20/27 MP: 1/1
   729 | D:1      | Reached ** piety under Trog
  1077 | D:2      | Reached XP level 3. HP: 29/33 MP: 2/2
  1115 | D:2      | Found an ornate altar of the Wu Jian Council.
  1373 | D:2      | Slain by a gnoll

Vault maps used:
D:1:      nagdon_arrival_double_spiral
D:2:      nicolae_overflow_crystal_walls, first_ration

Skill      XL: |  1  2 |
---------------+-------+-----
Maces & Flails | 4 |  4.7
Fighting       | 4 |  4.2
Armour         | 3 |  3.2
Dodging        | |  2.4

Action                   || total
-------------------------++-------
Melee: Mace              ||    88
       Headbutt          ||    14
Invok: Berserk           ||     1
       Trog's Hand       ||     1
  Eat: Chunk             ||     1
Armor: Animal skin       ||    10
Dodge: Dodged            ||    69

Table legend:
 A = Spawn XP
 B = Non-spawn XP
 C = Spawn XP percentage of total XP
 D = Spawn monster count
 E = Non-spawn monster count
 F = Spawn count percentage of total count
 G = Total turns spent on level
                    A         B        C        D         E        F      G
               +---------+---------+-------+---------+---------+-------+---------
         Total |       0 |      87 |   0.0 |       0 |      37 |   0.0 |  1373
               +---------+---------+-------+---------+---------+-------+---------
           D:1 |       0 |      40 |   0.0 |       0 |      26 |   0.0 |  1075
           D:2 |       0 |      47 |   0.0 |       0 |      11 |   0.0 |   298
               +---------+---------+-------+---------+---------+-------+---------
